 Dungeon Sprint DCSS version 0.26-a0-652-gafc20e3620 (webtiles) character file.

Game seed: 7216847945565235916

1197 sahdkjhfkaj the Thaumaturge (level 8, -4/60 HPs)
             Began as a Demonspawn Hedge Wizard on Oct 3, 2020.
             Was an Elder of Sif Muna.
             Slain by a shadow (34 damage)
             ... in the Dungeon (Sprint VII: "The Pits").
             The game lasted 00:05:37 (1895 turns).

sahdkjhfkaj the Thaumaturge (DsWz)                  Turns: 1895, Time: 00:05:38

Health: -4/60      AC:  2    Str: 12      XL:     8   Next: 20%
Magic:  13/21      EV: 13    Int: 17      God:    Sif Muna [****..]
Gold:   0          SH:  0    Dex: 10 (12) Spells: 15/26 levels left

rFire    . . .     SeeInvis .   o - +1 long sword (flame)
rCold    + . .     Faith    .   (no shield)
rNeg     . . .     Spirit   .   b - +0 robe
rPois    .         Reflect  .   c - +0 hat
rElec    .         Harm     .   (no cloak)
rCorr    .         Rampage  .   (no gloves)
MR       .....     NoTele   +   (no boots)
Stlth    ++........             (no amulet)
HPRegen  0.20/turn              (no ring)
MPRegen  0.17/turn              (no ring)

@: no status effects
A: horns 1, cold resistance 1
a: Channel Magic, Forget Spell, Divine Exegesis, Renounce Religion


You were in the Dungeon.
You worshipped Sif Muna.
Sif Muna was greatly pleased with you.
You visited 1 branch

Inventory:

Hand Weapons
 o - a +1 long sword of flaming (weapon)
Armour
 b - a +0 robe (worn)
 c - a +0 hat (worn)
Scrolls
 j - a scroll of blinking
 k - 3 scrolls of remove curse
 l - 5 scrolls of amnesia
 m - a scroll of summoning
 n - 2 scrolls of vulnerability
Potions
 a - a potion of berserk rage
 e - 5 potions of curing
 f - 5 potions of heal wounds
 g - a potion of haste
 h - 4 potions of magic
 i - 2 potions of invisibility


   Skills:
 + Level 4.1 Fighting
 - Level 3.0 Armour
 + Level 3.9 Dodging
 - Level 1.7 Stealth
 - Level 9.6 Spellcasting
 - Level 5.0 Conjurations
 - Level 5.0 Summonings
 - Level 5.0 Translocations
 - Level 5.0 Fire Magic
 - Level 5.0 Air Magic
 - Level 5.0 Poison Magic
 * Level 5.0 Invocations


You had 15 spell levels left.
You knew the following spells:

 Your Spells              Type           Power        Failure   Level
a - Magic Dart            Conj           ####         1%          1
c - Conjure Flame         Conj/Fire      ####....     3%          3
e - Mephitic Cloud        Conj/Pois/Air  ####....     3%          3
B - Blink                 Tloc           N/A          1%          2
I - Call Imp              Summ           ####....     1%          2

Your spell library contained the following spells:

 Spells                   Type           Power        Failure   Level
 Foxfire                  Conj/Fire      ####         1%          1
 Slow                     Hex            #.......     14%         2
 Animate Dead             Necr           #.........   65%         4
 Freezing Cloud           Conj/Ice/Air   ###.......   98%         6
 Spellforged Servitor     Conj/Summ      ####......   100%        7


Dungeon Overview and Level Annotations

Branches:
Dungeon (1/1)

Altars:
Ashenzari
Cheibriados
Dithmenos
Elyvilon
Fedhas
Gozag
Hepliaklqana
Kikubaaqudgha
Makhleb
Nemelex Xobeh
Okawaru
Qazlal
Ru
Sif Muna
Trog
Uskayaw
Vehumet
Wu Jian
Xom
Yredelemnul
Zin
The Shining One
Beogh
Jiyva
Lugonu


Innate Abilities, Weirdness & Mutations

You have a pair of small horns on your head.
Your flesh is cold resistant. (rC+)


Message History

You can't see any susceptible monsters within range! (Use Z to cast anyway.) Unknown command.
Unknown command.
Casting: Magic Dart (safe; 1% risk of failure)
Confirm with . or Enter, or press ? or * to list all spells.
The fire begins to smolder!
Something smothers the flame.
The shadow strikes at you from the darkness!
Reactivating autopickup.
There is an open door, spattered with blood here.
The shadow slips into darkness.
The shadow flickers and vanishes!
Deactivating autopickup; reactivate with Ctrl-A.
Casting: Conjure Flame (dangerous; 3% risk of failure)
Confirm with . or Enter, or press ? or * to list all spells.
You don't know that spell.
Unknown command.
The shadow strikes at you from the darkness!
Ouch! That really hurt!
You die...

############ #_________.#
#_________.#
#_______...###########++##
##########'##.............
#..(.')))'.##......#..#...
##########.##.............
#........@.)'...........÷.
#'#####'#####......#..#...
#.#..#[.#..##.............
#.#..'..#))#####'#####++##
#.#..####))##.......#
#.#..#..#))##.......#
#.#..#..#[[##.......#
#.##÷#..#'###...<...#
#.#........##.......#


There were no monsters in sight!

Vanquished Creatures
  A flayed ghost (D)
  2 wargs (D)
  A water moccasin (D)
  A floating eye (D)
  A necrophage (D)
  A quasit (D)
  A hound (D)
  A gnoll (D)
  An adder (D)
  A river rat (D)
  An ufetubus (D)
  A worm (D)
  An orc (D)
  2 ball pythons (D)
  A bat (D)
  A bat skeleton (D)
  3 jackals (D)
  A kobold (D)
  A goblin (D)
23 creatures vanquished.

Vanquished Creatures (collateral kills)
  A phantom (D)
1 creature vanquished.

Grand Total: 24 creatures vanquished

Notes
Turn   | Place    | Note
-------+----------+-------------------------------------------
     0 | D        | sahdkjhfkaj the Demonspawn Hedge Wizard began the quest for
                  | the Orb.
     0 | D        | Reached XP level 1. HP: 13/13 MP: 4/4
    17 | D        | Reached skill level 1 in Fighting
    17 | D        | Reached skill level 1 in Armour
    17 | D        | Gained mutation: Your flesh is cold resistant. (rC+)
                  | [demonic ancestry]
    17 | D        | Reached XP level 2. HP: 21/21 MP: 0/6
    72 | D        | Found a bloodstained altar of Trog.
    72 | D        | Found a shimmering blue altar of Sif Muna.
    72 | D        | Found a viscous altar of Jiyva.
    72 | D        | Found a hazy altar of Hepliaklqana.
    72 | D        | Found an opulent altar of Gozag.
    73 | D        | Found a glowing golden altar of the Shining One.
    73 | D        | Found a glowing silver altar of Zin.
    73 | D        | Found a basalt altar of Yredelemnul.
    73 | D        | Found a shimmering altar of Xom.
    73 | D        | Found an ornate altar of the Wu Jian Council.
    73 | D        | Found a sacrificial altar of Ru.
    73 | D        | Found a stormy altar of Qazlal.
    73 | D        | Found an iron altar of Okawaru.
    73 | D        | Found a sparkling altar of Nemelex Xobeh.
    73 | D        | Found a burning altar of Makhleb.
    73 | D        | Found a blossoming altar of Fedhas.
    73 | D        | Found a white marble altar of Elyvilon.
    73 | D        | Found a shadowy altar of Dithmenos.
    73 | D        | Found a snail-covered altar of Cheibriados.
    74 | D        | Found a radiant altar of Vehumet.
    74 | D        | Found a corrupted altar of Lugonu.
    74 | D        | Found a roughly hewn altar of Beogh.
    75 | D        | Found a hide-covered altar of Uskayaw.
    75 | D        | Found an ancient bone altar of Kikubaaqudgha.
    75 | D        | Found a broken altar of Ashenzari.
    80 | D        | Became a worshipper of Sif Muna the Loreminder
   110 | D        | Noticed a floating eye
   115 | D        | Killed a floating eye
   115 | D        | Reached skill level 6 in Spellcasting
   115 | D        | Reached XP level 3. HP: 29/29 MP: 3/10
   115 | D        | Reached XP level 4. HP: 35/35 MP: 3/12
   185 | D        | Learned a level 3 spell: Mephitic Cloud
   188 | D        | Learned a level 2 spell: Blink
   191 | D        | Learned a level 2 spell: Call Imp
   195 | D        | Learned a level 3 spell: Conjure Flame
   200 | D        | Reached * piety under Sif Muna
   220 | D        | Reached skill level 1 in Translocations
   254 | D        | Reached ** piety under Sif Muna
   261 | D        | Reached skill level 1 in Poison Magic
   264 | D        | Reached skill level 1 in Air Magic
   266 | D        | Reached *** piety under Sif Muna
   578 | D        | Noticed a water moccasin
   595 | D        | Killed a water moccasin
   595 | D        | Reached skill level 7 in Spellcasting
   595 | D        | Reached XP level 5. HP: 7/41 MP: 3/14
   596 | D        | Noticed a necrophage
   653 | D        | Killed a necrophage
   653 | D        | Reached **** piety under Sif Muna
   653 | D        | Reached XP level 6. HP: 25/47 MP: 2/16
  1012 | D        | Noticed a warg
  1019 | D        | Killed a warg
  1019 | D        | Reached skill level 1 in Fire Magic
  1191 | D        | Noticed a flayed ghost
  1198 | D        | Killed a flayed ghost
  1198 | D        | Reached ***** piety under Sif Muna
  1198 | D        | Reached skill level 9 in Spellcasting
  1198 | D        | Reached skill level 5 in Conjurations
  1198 | D        | Reached skill level 5 in Summonings
  1198 | D        | Reached skill level 5 in Translocations
  1198 | D        | Reached skill level 5 in Fire Magic
  1198 | D        | Reached skill level 5 in Air Magic
  1198 | D        | Reached skill level 5 in Poison Magic
  1198 | D        | Gained mutation: You have a pair of small horns on your
                  | head. [demonic ancestry]
  1198 | D        | Reached XP level 7. HP: 52/52 MP: 11/20
  1371 | D        | Identified Annuint's Incunabulum of Excruciating Darkness
                  | (Sif Muna gifted it to you in the Dungeon)
  1371 | D        | Received a gift from Sif Muna
  1371 | D        | Reached XP level 8. HP: 44/58 MP: 5/21
  1884 | D        | Reached skill level 5 in Invocations
  1895 | D        | Slain by a shadow

Illustrated notes

Levels and vault maps discovered:
D:        pitsprint [storerooms_1, entrance_room_1, metal_vault_4, armoury_3,
          mini_pit_1, grid_room_1, main_hall_1, silver_pit, the_coven_3,
          the_vestibule_1, steel_vault_4, golden_pit, hallway_of_sentries,
          crystal_vault_1, iron_vault_2, final_vault]

Skill      XL: |  1  2  3  4  5  6  7  8 |
---------------+-------------------------+-----
Conjurations   | 3 4 5 |  5.0
Fighting       | 1 3 4 |  4.1
Armour         | 1 3 |  3.0
Dodging        | 2 3 |  3.9
Spellcasting   | 6 7 9 |  9.6
Translocations | 3 5 |  5.0
Poison Magic   | 3 4 5 |  5.0
Air Magic      | 2 3 5 |  5.0
Summonings     | 3 4 5 |  5.0
Fire Magic     | 5 |  5.0
Invocations    | 3 5 |  5.0
Stealth        | |  1.7

Action                   |  1- 3 |  4- 6 |  7- 9 || total
-------------------------+-------+-------+-------++-------
Melee: Dagger            |     1 |       |       ||     1
       Falchion          |     2 |     6 |       ||     8
       Long sword        |       |     7 |     9 ||    16
       Headbutt          |       |       |     2 ||     2
 Cast: Magic Dart        |     7 |    44 |    36 ||    87
       Conjure Flame     |       |     5 |     5 ||    10
       Blink             |       |     3 |     1 ||     4
       Mephitic Cloud    |       |       |     2 ||     2
       Call Imp          |       |       |     2 ||     2
Invok: Channel Magic     |       |       |     1 ||     1
  Use: Potion            |     1 |     2 |     1 ||     4
Armor: Robe              |       |     9 |     5 ||    14
Dodge: Dodged            |     3 |    35 |    29 ||    67
       Rpst.: Falchion   |       |     7 |       ||     7
       Long sword        |       |     3 |     9 ||    12

Table legend: (Time is in decaauts)
 A = Elapsed time spent in this place.
 B = Non-inter-level travel time spent in this place.
 C = Inter-level travel time spent in this place.
 D = Time resting spent in this place.
 E = Time spent auto-exploring this place.
 F = Levels seen in this place.
 G = Mean time per level.
                   A        B        C        D        E       F      G
               +--------+--------+--------+--------+--------+-----+--------+
         Total |   1924 |   1905 |     19 |   1188 |    244 |   1 | 1924.0 |
       Dungeon |   1924 |   1905 |     19 |   1188 |    244 |   1 | 1924.0 |
               +--------+--------+--------+--------+--------+-----+--------+

Top non-repeatable levels by time:
       D: 1924 daAuts
